 Dungeon Crawl Stone Soup version 0.28-a0-503-g83f2989fac (webtiles) character file.

Game seed: 5635248992311820740

190 Umoon the Shield-Bearer (level 5, 0/53 HPs)
             Began as a Troll Fighter on Sept 21, 2021.
             Slain by an ogre (33 damage)
             ... on level 4 of the Dungeon.
             The game lasted 00:02:26 (1716 turns).

Umoon the Shield-Bearer (Troll Fighter)             Turns: 1716, Time: 00:02:27

Health: 0/53       AC:  4    Str: 24    XL:     5   Next: 41%
Magic:  4/4        EV: 12    Int:  5    God:
Gold:   163        SH:  7    Dex:  9    Spells: 4/4 levels left

rFire   . . .      SeeInvis .   a - +0 war axe
rCold   . . .      Faith    .   c - +0 kite shield
rNeg    . . .      Spirit   .   b - +0 robe
rPois   .          Reflect  .   (helmet restricted)
rElec   .          Harm     .   (no cloak)
rCorr   .          Rampage  .   (gloves unavailable)
Will    .....                   (boots unavailable)
Stlth   +.........              j - amulet of the acrobat
HPRegen 1.17/turn               i - ring of flight
MPRegen 0.09/turn               m - +4 ring of evasion

@: flying
A: large, unfitting armour, claws 3, regeneration 1, shaggy fur 1, tough skin 1
a: no special abilities


You were on level 4 of the Dungeon.
You visited 1 branch of the dungeon, and saw 4 of its levels.

You collected 163 gold pieces.

Inventory:

Hand Weapons
 a - a +0 war axe (weapon)
Armour
 b - a +0 robe (worn)
 c - a +0 kite shield (worn)
Jewellery
 i - a ring of flight (left claw)
 j - an amulet of the acrobat (around neck)
 l - a +6 ring of intelligence
 m - a +4 ring of evasion (right claw)
Scrolls
 f - a scroll of immolation {unknown}
 h - 2 scrolls of identify {unknown}
 n - a scroll of teleportation {unknown}
Potions
 d - a potion of might
 e - a potion of ambrosia {unknown}
 g - a potion of heal wounds {unknown}
 k - a potion of curing {unknown}


   Skills:
 + Level 3.2 Fighting
 + Level 2.6 Axes
 + Level 3.3 Dodging
 + Level 3.3 Shields


You had 4 spell levels left.
You didn't know any spells.
Your spell library contained the following spells:

 Spells                   Type           Power      Damage    Failure   Level
 Magic Dart               Conj           0%         1d3       87%         1
 Sandblast                Erth           0%         2d4       87%         1
 Call Imp                 Summ           0%         N/A       95%         2
 Passwall                 Tmut/Erth      0%         N/A       95%         2
 Mephitic Cloud           Conj/Pois/Air  0%         N/A       99%         3
 Stone Arrow              Conj/Erth      0%         3d7       99%         3


Dungeon Overview and Level Annotations

Branches:
Dungeon (4/15)
 Temple: D:4-7

Altars:
Qazlal


Innate Abilities, Weirdness & Mutations

You are too large for most types of armour.
You have claws for hands.
Your natural rate of healing is unusually fast.
You are covered in fur. (AC +1)
You have tough skin. (AC +1)


Message History

There is a stormy altar of Qazlal here.
Done exploring.
Done exploring.
Done exploring.
Done exploring.
No target in view!
(D) Dungeon
Where to? (Enter - D:3, ? - help)
You see here a bat corpse.
You see here a +0 whip.
There is a stone staircase leading down here.
You fly downwards.
There is a stone staircase leading up here.
Found 6 arrows.
You reach down and open the door.
An ogre comes into view. It is wielding a +0 giant club.
Found 21 stones.
The ogre moves out of view.
There is an open door here.
The ogre shouts!
An ogre is nearby!
Found a scroll labelled WAVAMOKLOW.
You hit the ogre but do no damage. You block the ogre's attack.
You barely miss the ogre. The ogre closely misses you.
You slash the ogre!
The ogre is moderately wounded.
You block the ogre's attack.
You hit the ogre.
The ogre is moderately wounded.
The ogre closely misses you. The ogre misses you.
You hit the ogre.
The ogre is heavily wounded.
The ogre hits you with a +0 giant club!!
You barely miss the ogre.
The ogre is heavily wounded.
The ogre misses you.
You hit the ogre.
The ogre is heavily wounded.
The ogre hits you with a +0 giant club!!
Ouch! That really hurt!
You die...

##.####.#
#.......#
##..###..# ####
#.....#..# .#...
#...#.#..####....
#.............#
#..##.####....#
#..#.....'...(####
#..#..####@.......
#..#..# #O#######
#. #..# #.. #...
..## # #... .(. #
#... .##. # #.. .
. .? .#


You could see an ogre.

Vanquished Creatures
  Terence (D:2)
  An orc wizard (D:3)
  5 adders
  A worm (D:3)
  6 dart slugs
  4 orcs (D:3)
  8 bats
  5 endoplasms
  3 giant cockroaches (D:1)
  7 goblins
  6 hobgoblins
  6 jackals
  2 quokkas
  6 ball pythons
  3 frilled lizards
  5 kobolds
  7 rats
76 creatures vanquished.

Notes
Turn   | Place    | Note
-------+----------+-------------------------------------------
     0 | D:1      | Umoon the Troll Fighter began the quest for the Orb.
     0 | D:1      | Reached XP level 1. HP: 22/22 MP: 0/0
    97 | D:1      | Found a faded altar of an unknown god.
   152 | D:1      | Reached XP level 2. HP: 29/29 MP: 1/1
   301 | D:1      | Reached XP level 3. HP: 36/36 MP: 2/2
   547 | D:2      | Noticed Terence
   554 | D:2      | Killed Terence
   584 | D:2      | Reached XP level 4. HP: 44/44 MP: 3/3
  1113 | D:3      | Found a stormy altar of Qazlal.
  1158 | D:3      | Reached XP level 5. HP: 50/53 MP: 4/4
  1707 | D:4      | Noticed an ogre
  1716 | D:4      | Slain by an ogre

Illustrated notes

Levels and vault maps discovered:
D:1:      co_arrival_square_in_a_square_in_a_square, layout_basic,
          basic_ecumenical_altar, minmay_tetromino_s4
D:2:      layout_basic, uniq_terence
D:3:      layout_loops_ring, grunt_qazlal_clouds
D:4:      layout_basic, minmay_temple_entry_gardened_gates

Skill      XL: |  1  2  3  4 |
---------------+-------------+-----
Axes           | 2 |  2.6
Shields        | 3 |  3.3
Dodging        | 3 |  3.3
Fighting       | 3 |  3.2

Action                   |  1- 3 |  4- 6 || total
-------------------------+-------+-------++-------
Melee: War axe           |    83 |   147 ||   230
 Stab: Sleeping          |     2 |     1 ||     3
Armor: Robe              |    62 |    59 ||   121
Dodge: Dodged            |    43 |    92 ||   135
Block: Kite shield       |    44 |    60 ||   104

Table legend: (Time is in decaauts)
 A = Elapsed time spent in this place.
 B = Non-inter-level travel time spent in this place.
 C = Inter-level travel time spent in this place.
 D = Time resting spent in this place.
 E = Time spent auto-exploring this place.
 F = Levels seen in this place.
 G = Mean time per level.
                   A        B        C        D        E       F      G
               +--------+--------+--------+--------+--------+-----+--------+
         Total |   1849 |   1820 |     29 |     17 |   1219 |   4 |  462.2 |
       Dungeon |   1849 |   1820 |     29 |     17 |   1219 |   4 |  462.2 |
               +--------+--------+--------+--------+--------+-----+--------+

Top non-repeatable levels by time:
     D:3: 747 daAuts
     D:1: 545 daAuts
     D:2: 469 daAuts
     D:4: 86 daAuts
